 Dungeon Crawl Stone Soup version 0.27-a0-46-g34d46f0a3f (webtiles) character file.

Game seed: 4484289136686955093

24339 Borgoz the Grappler (level 13, -11/115 HPs)
             Began as a Ghoul Gladiator on Jan 6, 2021.
             Was a Follower of Ashenzari.
             Mangled by a vampire knight
             ... wielding a +0 broad axe
              (23 damage)
             ... on level 12 of the Dungeon.
             The game lasted 00:15:29 (13263 turns).

Borgoz the Grappler (Ghoul Gladiator)              Turns: 13263, Time: 00:15:30

Health: -11/115    AC: 13    Str: 29    XL:     13   Next: 12%
Magic:  12/12      EV: 22    Int:  3    God:    Ashenzari [*.....]
Gold:   371        SH:  5    Dex: 18    Spells: 10/12 levels left

rFire    . . .     SeeInvis .     - Unarmed
rCold    + . .     Faith    .   (no shield)
rNeg     + + +     Spirit   .   y - +1 leather armour "Syergh" {Str+4 Dex+4 Slay+3} (curse)
rPois    ∞         Reflect  +   b - +1 helmet
rElec    .         Harm     .   l - +1 cloak
rCorr    .         Rampage  .   (no gloves)
Will     .....                  J - +0 pair of boots
Stlth    +.........             f - amulet of reflection
HPRegen  0.00/turn              L - +6 ring of strength
MPRegen  0.13/turn              F - +4 ring of protection

@: mighty
A: claws 1, cold resistance 1, negative energy resistance 3, inhibited
regeneration, torment resistance, unbreathing
a: Renounce Religion, Curse Item, Scrying


You were on level 12 of the Dungeon.
You worshipped Ashenzari.
Ashenzari was aware of your devotion.
You visited 2 branches of the dungeon, and saw 13 of its levels.

You collected 689 gold pieces.
You spent 318 gold pieces at shops.

Inventory:

Missiles
 c - 6 throwing nets (quivered)
 i - 16 boomerangs
 n - 5 atropa-tipped darts
Armour
 b - a +1 helmet (worn)
 l - a +1 cloak (worn)
 y - the cursed +1 leather armour "Syergh" (worn) {Str+4 Dex+4 Slay+3}
   (You found it on level 5 of the Dungeon)

   It affects your strength (+4).
   It affects your dexterity (+4).
   It affects your accuracy and damage with ranged weapons and melee attacks
   (+3).
   It has a curse placed upon it.
 J - a +0 pair of boots (worn)
Jewellery
 e - an uncursed ring of willpower
 f - an amulet of reflection (around neck)
 A - an uncursed ring of resist corrosion
 F - a +4 ring of protection (right claw)
 L - a +6 ring of strength (left claw)
Wands
 k - a wand of acid (21)
 p - a wand of polymorph (5)
 v - a wand of digging (5)
 x - a wand of random effects (46)
 C - a wand of iceblast (19)
 M - a wand of flame (9)
Scrolls
 a - 7 scrolls of remove curse
 d - 5 scrolls of teleportation
 g - 2 scrolls of fear
 o - 6 scrolls of magic mapping
 q - 2 scrolls of fog
 r - 2 scrolls of enchant weapon
 t - 3 scrolls of blinking
 B - 2 scrolls of amnesia
 D - a scroll of summoning
 G - a scroll of enchant armour
 H - a scroll of silence
 K - 2 scrolls of identify
Potions
 h - 5 potions of heal wounds
 j - a potion of resistance
 m - 2 potions of haste
 s - a potion of ambrosia
 u - 3 potions of curing
 w - a potion of magic
 z - 3 potions of flight
 I - 2 potions of brilliance


   Skills:
 + Level 10.9 Fighting
 - Level 1.7 Throwing
 * Level 12.7 Dodging
 * Level 14.8 Unarmed Combat


You had 10 spell levels left.
You knew the following spells:

 Your Spells              Type           Power        Failure   Level
a - Blink                 Tloc           N/A          71%         2

Your spell library contained the following spells:

 Spells                   Type           Power        Failure   Level
 Animate Skeleton         Necr           0%           56%         1
 Magic Dart               Conj           0%           56%         1
 Pain                     Necr           0%           56%         1
 Call Imp                 Summ           0%           71%         2
 Slow                     Hex            0%           71%         2
 Conjure Flame            Conj/Fire      0%           90%         3
 Mephitic Cloud           Conj/Pois/Air  0%           90%         3
 Vampiric Draining        Necr           0%           90%         3
 Animate Dead             Necr           0%           100%        4
 Agony                    Necr           0%           100%        5


Dungeon Overview and Level Annotations

Branches:
Dungeon (12/15)            Temple (1/1) D:7            Lair (0/6) D:8
    Orc (0/2) D:11

Altars:
Ashenzari
Cheibriados
Dithmenos
Elyvilon
Fedhas
Gozag
Hepliaklqana
Kikubaaqudgha
Makhleb
Nemelex Xobeh
Okawaru
Qazlal
Ru
Sif Muna
Trog
Uskayaw
Vehumet
Wu Jian
Xom
Yredelemnul
Zin
The Shining One

Shops:
D:4 ?   D:10 [*   D:12 =

Annotations:
D:10 4 runed translucent doors


Innate Abilities, Weirdness & Mutations

You thrive by killing the living.
You are immune to poison.
You have sharp fingernails.
Your flesh is cold resistant. (rC+)
You are immune to negative energy. (rN+++)
You do not regenerate when monsters are visible.
You are immune to unholy pain and torment.
You can survive without breathing.


Message History

You hear some strange, mumbled words.
You barely miss Kirke.
Kirke is moderately wounded.
Kirke misses you.
You mangle Kirke!!
Kirke is heavily wounded.
You mangle Kirke!!
Kirke is severely wounded.
Kirke hits you.
You mangle Kirke!! Your claw misses Kirke.
Kirke is almost dead.
Something hits you!!
* * * LOW HITPOINT WARNING * * *
Something bites you but does no damage. Kirke hits you!!
* * * LOW HITPOINT WARNING * * *
You claw Kirke!
You kill Kirke!
You feel better. Something completely misses you. Something closely misses you.
You miss something.
Something barely misses you. x2; Something hits you!!
You die...

.....##......##......##
##..#
....##..####..#'......#
##.# ...##..##
##..##.....# #.# ..##..##
##.[##....# #.### .##..##
##..##...# ##.... .##'##
##+#####..#...# ##.....
.#..# #......##.#...###
#...... .#..#
#......##{#....<# #......
.'..# '.._..Z{@.#..#..#
#...... .#..#
#.....Z##.#..#..###......
.#..# #......
#.#..#....#...... .##+#
####### ..#..#.##.##....(
.## .##††#.#.........
..## ##........#######
...## ##......##.# ....##
##.......##.## .....##
##.........#..#


You could see 2 human zombies.

Vanquished Creatures
  Kirke (D:12)
  A hydra (D:12)
  A boulder beetle (D:10)
  2 two-headed ogres (D:11)
  Erica (D:9)
  3 death yaks (D:7)
  A cyclops (D:11)
  A manticore (D:11)
  A deep elf mage (D:11)
  A black mamba (D:11)
  2 cane toads (D:11)
  A yaktaur (D:11)
  A freezing wraith (D:11)
  The ghost of ThereIsNoGod the Fighter, an amateur GnWn (D:5)
  A troll (D:11)
  A hornet (D:12)
  A shadow (D:11)
  4 vampires (D:12)
  17 flying skulls (D:12)
  A wraith (D:6)
  19 yaks
  A wyvern (D:11)
  3 hogs (D:12)
  A steam dragon (D:7)
  Edmund (D:5)
  2 tengu zombies (D:11)
  2 acid dragons
  3 water moccasins
  2 orc warriors
  2 black bears
  5 ice beasts
  A necrophage (D:10)
  8 ogres
  3 centaurs
  3 big kobolds
  10 bullfrogs
  The ghost of Tungsten the Sneak, an amateur SpEn (D:3)
  2 wyvern skeletons
  A scorpion (D:9)
  18 wights
  14 killer bees
  2 howler monkeys (D:10)
  2 centaur zombies
  6 jellies
  A quasit (D:9)
  3 human zombies (D:12)
  4 hounds
  Crazy Yiuf (D:2)
  9 orc priests
  2 bullfrog skeletons
  8 orc wizards
  2 centaur skeletons
  Jessica (D:2)
  12 worker ants
  A killer bee zombie (D:9)
  A hound zombie (D:9)
  A hound skeleton (D:11)
  A worker ant zombie (D:6)
  Robin (D:4)
  6 adders
  4 gnolls (D:9)
  4 river rats (D:12)
  A shadow imp (D:8)
  A white imp (D:7)
  4 ufetubi
  2 adder zombies
  2 adder skeletons
  3 worms
  A leopard gecko (D:1)
  46 orcs
  14 bats
  3 giant cockroaches
  13 goblins
  8 hobgoblins
  8 jackals
  5 quokkas
  2 ball pythons
  7 frilled lizards
  18 kobolds
  2 leopard gecko zombies (D:5)
  5 rats
362 creatures vanquished.

Notes
Turn   | Place    | Note
-------+----------+-------------------------------------------
     0 | D:1      | Borgoz the Ghoul Gladiator began the quest for the Orb.
     0 | D:1      | Reached XP level 1. HP: 17/17 MP: 0/0
   120 | D:1      | Reached XP level 2. HP: 25/25 MP: 1/1
   435 | D:2      | Reached XP level 3. HP: 30/30 MP: 2/2
   462 | D:2      | Noticed Jessica
   472 | D:2      | Killed Jessica
   473 | D:2      | Reached skill level 4 in Unarmed Combat
   579 | D:2      | Reached XP level 4. HP: 37/37 MP: 3/3
   916 | D:2      | Found a runed translucent door.
   917 | D:2      | Noticed Crazy Yiuf
  1132 | D:2      | Found a basalt altar of Yredelemnul.
  1279 | D:2      | Killed Crazy Yiuf
  1440 | D:3      | Found a runed translucent door.
  1531 | D:3      | Reached XP level 5. HP: 12/45 MP: 4/4
  1905 | D:3      | Found an opulent altar of Gozag.
  1993 | D:3      | Reached skill level 5 in Unarmed Combat
  2665 | D:3      | Noticed Tungsten's ghost (amateur SpEn)
  2674 | D:3      | Reached XP level 6. HP: 51/51 MP: 5/5
  2696 | D:3      | Killed Tungsten's ghost
  2857 | D:4      | Found a sacrificial altar of Ru.
  2871 | D:4      | Noticed Robin
  2889 | D:4      | Killed Robin
  2923 | D:4      | Found Toyr's Magic Scroll Emporium.
  2929 | D:4      | Bought a scroll of blinking for 105 gold pieces
  3361 | D:5      | Entered Level 5 of the Dungeon
  3412 | D:5      | Got a smelly leather armour
  3424 | D:5      | Identified the +1 leather armour "Syergh" {Str+4 Dex+4
                  | Slay+3} (You found it on level 5 of the Dungeon)
  3477 | D:5      | Found a runed translucent gate.
  3479 | D:5      | Found a runed translucent gate.
  3480 | D:5      | Found a runed translucent gate.
  3485 | D:5      | Noticed ThereIsNoGod's ghost (amateur GnWn)
  3602 | D:5      | Noticed Edmund
  3616 | D:5      | Killed Edmund
  3617 | D:5      | Reached skill level 5 in Dodging
  3617 | D:5      | Reached skill level 6 in Unarmed Combat
  3617 | D:5      | Reached XP level 7. HP: 56/59 MP: 6/6
  4013 | D:6      | Noticed a wraith
  4028 | D:6      | Killed a wraith
  4029 | D:6      | Reached XP level 8. HP: 35/67 MP: 7/7
  4191 | D:6      | Reached skill level 7 in Unarmed Combat
  4288 | D:6      | Reached skill level 5 in Fighting
  4847 | D:7      | Reached skill level 8 in Unarmed Combat
  4990 | D:7      | Learned a level 2 spell: Blink
  5190 | D:7      | Reached XP level 9. HP: 75/75 MP: 8/8
  5280 | D:7      | Found a staircase to the Ecumenical Temple.
  5386 | D:7      | Reached skill level 9 in Unarmed Combat
  6279 | D:8      | Noticed a death yak
  6282 | D:8      | Noticed a death yak
  6283 | D:8      | Noticed a death yak
  6329 | Temple   | Entered the Ecumenical Temple
  6483 | Temple   | Became a worshipper of Ashenzari the Shackled
  6580 | D:5      | Killed ThereIsNoGod's ghost
  7023 | D:8      | Found a staircase to the Lair.
  7253 | D:8      | Found a shadowy altar of Dithmenos.
  7507 | D:7      | Killed a death yak
  7508 | D:7      | Reached skill level 10 in Unarmed Combat
  7508 | D:7      | Reached XP level 10. HP: 49/86 MP: 9/9
  7698 | D:7      | Killed a death yak
  7956 | D:7      | Killed a death yak
  7957 | D:7      | Reached skill level 11 in Unarmed Combat
  8868 | D:9      | Noticed Erica
  8884 | D:9      | Killed Erica
  8885 | D:9      | Reached skill level 10 in Dodging
  8885 | D:9      | Reached XP level 11. HP: 65/95 MP: 10/10
  9004 | D:9      | Found a white marble altar of Elyvilon.
  9327 | D:9      | Reached skill level 12 in Unarmed Combat
  9388 | D:9      | Found a bloodstained altar of Trog.
  9570 | D:10     | Entered Level 10 of the Dungeon
  9868 | D:10     | Found Cyttaull's Assorted Antiques.
  9876 | D:10     | Bought a puce potion for 24 gold pieces
  9876 | D:10     | Bought a scroll labelled XOAFUB YDEKEAD for 27 gold pieces
  9876 | D:10     | Bought a scroll labelled MILEKOAPOKK for 27 gold pieces
  9876 | D:10     | Bought a scroll of identify for 54 gold pieces
  9876 | D:10     | Bought a scroll of teleportation for 81 gold pieces
 10083 | D:10     | Found a huge runed translucent gate.
 10083 | D:10     | Found a huge runed translucent gate.
 10083 | D:10     | Found a huge runed translucent gate.
 10083 | D:10     | Found a huge runed translucent gate.
 10083 | D:10     | Noticed a death yak
 10083 | D:10     | Noticed a manticore
 10083 | D:10     | Noticed a death yak
 10083 | D:10     | Noticed a death yak
 10083 | D:10     | Noticed a manticore
 10083 | D:10     | Noticed a manticore
 10507 | D:10     | Found Ehucoh's Armour Shoppe.
 10524 | D:10     | Noticed a boulder beetle
 10546 | D:10     | Killed a boulder beetle
 10903 | D:11     | Noticed a two-headed ogre
 10959 | D:11     | Killed a two-headed ogre
 10960 | D:11     | Reached skill level 13 in Unarmed Combat
 11153 | D:11     | Noticed a cyclops
 11162 | D:11     | Noticed a deep elf mage
 11169 | D:11     | Killed a cyclops
 11170 | D:11     | Reached XP level 12. HP: 105/105 MP: 11/11
 11670 | D:11     | Found a transporter.
 11802 | D:11     | Found a transporter.
 11831 | D:11     | Reached skill level 10 in Fighting
 12028 | D:11     | Found a staircase to the Orcish Mines.
 12560 | D:12     | Found Singunne's Jewellery Boutique.
 12560 | D:12     | Noticed a two-headed ogre
 12572 | D:11     | Killed a two-headed ogre
 12703 | D:12     | Reached * piety under Ashenzari
 12714 | D:12     | Reached skill level 14 in Unarmed Combat
 12868 | D:12     | Noticed a five-headed hydra
 12875 | D:12     | Killed a five-headed hydra
 13237 | D:12     | Found an ancient bone altar of Kikubaaqudgha.
 13237 | D:12     | Noticed a vampire mage
 13237 | D:12     | Noticed Kirke
 13243 | D:12     | Noticed a vampire knight
 13246 | D:12     | Reached XP level 13. HP: 113/114 MP: 12/12
 13261 | D:12     | HP: 4/114 [Kirke (19)]
 13262 | D:12     | Killed Kirke
 13263 | D:12     | Mangled by a vampire knight

Illustrated notes

Levels and vault maps discovered:
D:1:      dpeg_arrival_three_same_balls, layout_rooms
D:2:      layout_loops_ring, lemuel_coloured_pillars_altar, due_unseen_surprise,
          uniq_jessica, uniq_crazy_yiuf_cottage
D:3:      layout_loops_corners, general_overflow_altar, ebering_ghost_sewer_d,
          minmay_splitting_lines, minmay_crystal_room
D:4:      layout_loops_cross, hangedman_ru_absence, serial_shops, shop,
          uniq_robin
D:5:      layout_cave_pools, gammafunk_ghost_split,
          chequers_serial_rivers_large_b, uniq_edmund
D:6:      layout_basic, minmay_door_square
D:7:      layout_loops_cross, minmay_temple_entry_poolview
D:8:      kennysheep_ambush_hall, layout_layer_cave, kennysheep_little_box,
          dpeg_lair_monsters
D:9:      layout_rooms, elyvilon_altar_5, lightli_temple_of_fire,
          supply_closet_lemuel, uniq_erica
D:10:     lemuel_bear_cage, layout_basic, serial_shops, nicolae_shop_trees,
          shop, nzn_sisyphean_effort
D:11:     gammafunk_cloud_chamber, layout_basic, hiddenorc1_lemuel
D:12:     lemuel_vampire_tower, layout_rooms, serial_shops,
          nicolae_shop_statue_plus, uniq_kirke, uniq_gastronok, uniq_rupert,
          uniq_fannar
Temple:   regret_index_temple_sphere_string

Skill      XL: |  1  2  3  4  5  6  7  8  9 10 11 12 |
---------------+-------------------------------------+-----
Dodging        | 3 4 5 7 8 10 11 12 | 12.7
Unarmed Combat | 4 5 6 8 10 11 13 14 | 14.8
Fighting       | 3 4 5 7 8 9 10 | 10.9
Throwing       | |  1.7

Action                   |  1- 3 |  4- 6 |  7- 9 | 10-12 | 13-15 || total
-------------------------+-------+-------+-------+-------+-------++-------
Melee: Unarmed           |    65 |   241 |   233 |   625 |    15 ||  1179
       Punch             |       |     2 |    19 |    58 |     3 ||    82
Throw: Throwing net      |       |     1 |       |     1 |       ||     2
Invok: Curse Item        |       |       |     1 |       |       ||     1
Evoke: Wand              |       |       |     4 |     2 |       ||     6
  Use: Potion            |     2 |     1 |     1 |     4 |     1 ||     9
       Scroll            |     1 |    13 |     3 |     6 |       ||    23
 Stab: Held in net/web   |       |       |       |     1 |       ||     1
       Sleeping          |       |       |       |     1 |       ||     1
       Distracted        |       |       |       |     1 |       ||     1
Armor: Leather armour    |     8 |     1 |    30 |   122 |     3 ||   164
       Chain mail        |    16 |     2 |       |       |       ||    18
       Scale mail        |       |    74 |       |       |       ||    74
Dodge: Dodged            |    30 |   105 |   125 |   464 |    15 ||   739
Block: Other             |    11 |    47 |    43 |   149 |     1 ||   251
       Reflection        |       |     1 |     1 |     3 |       ||     5

Table legend: (Time is in decaauts)
 A = Elapsed time spent in this place.
 B = Non-inter-level travel time spent in this place.
 C = Inter-level travel time spent in this place.
 D = Time resting spent in this place.
 E = Time spent auto-exploring this place.
 F = Levels seen in this place.
 G = Mean time per level.
                   A        B        C        D        E       F      G
               +--------+--------+--------+--------+--------+-----+--------+
         Total |  13074 |  12524 |    550 |   2816 |   7561 |  13 | 1005.7 |
       Dungeon |  12910 |  12388 |    522 |   2816 |   7426 |  12 | 1075.8 |
        Temple |    164 |    136 |     28 |      0 |    135 |   1 |  164.0 |
               +--------+--------+--------+--------+--------+-----+--------+

Top non-repeatable levels by time:
     D:7: 1826 daAuts
    D:11: 1651 daAuts
     D:8: 1555 daAuts
    D:10: 1344 daAuts
     D:3: 1324 daAuts
     D:2: 1009 daAuts
     D:6: 874 daAuts
     D:9: 870 daAuts
     D:5: 856 daAuts
    D:12: 589 daAuts
     D:4: 586 daAuts
     D:1: 420 daAuts
  Temple: 164 daAuts
